 Dungeon Crawl Stone Soup version 0.23.0-3-gf3c87f2 (webtiles) character file.

Game seed: 18331353419870053542

5623 Hylith the Basher (level 10, 0/91 HPs)
             Began as a Minotaur Berserker on Feb 22, 2019.
             Was a High Priest of Trog.
             Killed from afar by an electric eel (7 damage)
             ... with a bolt of electricity
             ... on level 9 of the Dungeon.
             The game lasted 00:16:05 (6945 turns).

Hylith the Basher (Minotaur Berserker)              Turns: 6945, Time: 00:16:06

Health: 0/91       AC: 17    Str: 23    XL:     10   Next: 46%
Magic:  9/9        EV:  9    Int:  4    God:    Trog [*****.]
Gold:   481        SH:  0    Dex: 17    Spells: 9/9 levels left

rFire    . . .     SeeInvis .   K - +2 flail (freeze)
rCold    . . .     Gourm    .   (no shield)
rNeg     . . .     Faith    .   n - +0 plate armour
rPois    .         Spirit   .   (helmet restricted)
rElec    .         Reflect  .   o - +0 cloak
rCorr    .         Harm     .   p - +0 pair of gloves
MR       .....                  (no boots)
Stlth    ..........             (no amulet)
HPRegen  0.25/turn              q - +5 ring of dexterity
MPRegen  0.11/turn              E - ring of flight

@: very slow
A: retaliatory headbutt, horns 2
a: Berserk, Trog's Hand, Brothers in Arms, Renounce Religion, Evoke Flight


You were on level 9 of the Dungeon.
You worshipped Trog.
Trog was extremely pleased with you.
You were not hungry.

You visited 1 branch of the dungeon, and saw 9 of its levels.

You collected 661 gold pieces.
You spent 180 gold pieces at shops.

Inventory:

Hand Weapons
 K - a +2 flail of freezing (weapon)
Armour
 n - a +0 plate armour (worn)
 o - a +0 cloak (worn)
 p - a +0 pair of gloves (worn)
Jewellery
 q - a +5 ring of dexterity (left hand)
 z - a +3 ring of intelligence
 A - an uncursed ring of stealth
 E - a ring of flight (right hand)
Wands
 m - a wand of iceblast (8)
 r - a wand of random effects (26)
 I - a wand of paralysis (5)
Scrolls
 a - a scroll of fog {unknown}
 d - 4 scrolls of amnesia {unknown}
 f - 5 scrolls of remove curse
 i - 3 scrolls of teleportation {unknown}
 k - 4 scrolls of enchant weapon {unknown}
 u - 5 scrolls of identify {unknown}
 v - 2 scrolls of enchant armour
 x - 2 scrolls of random uselessness {unknown}
 y - 3 scrolls of blinking
 D - a scroll of fear {unknown}
 G - 2 scrolls of vulnerability {unknown}
 H - a scroll of immolation {unknown}
Potions
 b - 2 potions of ambrosia {unknown}
 e - 5 potions of curing {unknown}
 g - 3 potions of haste {unknown}
 h - 4 potions of lignification {unknown}
 j - a potion of mutation {unknown}
 l - 2 potions of degeneration {unknown}
 s - a potion of magic {unknown}
 t - 3 potions of heal wounds {unknown}
 w - 2 potions of flight {unknown}
 B - 3 potions of might {unknown}
 C - a potion of agility {unknown}
Comestibles
 c - 10 rations


   Skills:
 * Level 9.4 Fighting
 * Level 13.3 Maces & Flails
 * Level 9.8 Armour
 + Level 3.1 Dodging


You had 9 spell levels left.
You didn't know any spells.
Your spell library was empty.

Dungeon Overview and Level Annotations

Branches:
Dungeon (9/15)             Temple (0/1) D:6
   Lair: D:8-11         Orc: D:9-12

Altars:
Ashenzari
Cheibriados
Dithmenos
Kikubaaqudgha
Makhleb
Qazlal
Ru
Vehumet
Wu Jian
Xom
The Shining One

Shops:
D:4 ?


Innate Abilities, Weirdness & Mutations

You reflexively headbutt those who attack you in melee.
You have a pair of horns on your head.


Message History

The bolt of electricity hits you but does no damage.
The electric eel shoots out a bolt of lightning at you!
The bolt of electricity hits you.
The electric eel shoots out a bolt of lightning at you!
The bolt of electricity hits you!
* * * LOW HITPOINT WARNING * * *
The electric eel shoots out a bolt of lightning at you!
The bolt of electricity hits the electric eel.
The electric eel completely resists.
The bolt of electricity hits you.
* * * LOW HITPOINT WARNING * * *
The electric eel shoots out a bolt of lightning at you!
The bolt of electricity hits you.
* * * LOW HITPOINT WARNING * * *
The electric eel shoots out a bolt of lightning at you!
The bolt of electricity hits you!
* * * LOW HITPOINT WARNING * * *
The bolt of electricity misses you.
The electric eel shoots out a bolt of lightning at you!
The bolt of electricity hits you!
You die...

#≈≈≈≈≈≈# .≈≈
#≈≈≈≈≈≈#.;≈≈
#≈;≈≈≈≈≈≈≈≈≈ #.
#≈≈≈≈≈≈≈≈≈≈≈ ##.#
#≈≈;#≈≈≈≈≈≈≈ ##..#.
#≈≈≈#≈≈≈≈≈≈≈##.#≈.≈
#≈≈≈##≈≈≈≈≈##≈≈≈≈≈≈
##≈≈# ##≈≈##≈≈.#≈≈≈
#@## #≈##≈.###.#
##.#######....#...
##....###........
#....'.'........
#..).'.#........
#....###........
#.##### #≈...#...
#≈# #≈≈≈###.# #≈
##.≈≈#≈≈≈


You could see 2 electric eels.

Vanquished Creatures
  2 trolls
  A hornet (D:8)
  A hippogriff (D:7)
  A wyvern (D:9)
  A yak (D:7)
  A basilisk (D:7)
  A hungry ghost (D:8)
  Duvessa (D:4)
  A water moccasin (D:7)
  A hornet zombie (D:8)
  2 orc warriors
  3 ice beasts
  A phantom (D:9)
  A black bear (D:9)
  5 ogres
  3 centaurs
  A necrophage (D:7)
  4 bullfrogs
  Dowan (D:4)
  4 scorpions
  A water moccasin skeleton (D:5)
  A killer bee (D:7)
  7 wights (D:8)
  2 bullfrog zombies (D:7)
  6 crimson imps
  10 hounds
  6 orc priests
  3 orc wizards
  A jelly (D:7)
  2 bullfrog skeletons
  9 worker ants
  Natasha (thrice) (D:2)
  4 iguanas
  A howler monkey zombie (D:4)
  12 gnolls
  9 adders
  4 shadow imps
  2 oozes
  An adder skeleton (D:4)
  3 worms
  A dart slug (D:1)
  4 leopard geckos
  9 orcs
  7 giant cockroaches
  9 hobgoblins
  7 jackals
  7 kobolds
  6 quokkas
  2 ball pythons
  11 bats
  4 frilled lizards (D:1)
  7 goblins
  A jackal skeleton (D:6)
  2 leopard gecko zombies
  A quokka skeleton (D:4)
  10 rats
211 creatures vanquished.

Notes
Turn   | Place    | Note
-------+----------+-------------------------------------------
     0 | D:1      | Hylith the Minotaur Berserker began the quest for the Orb.
     0 | D:1      | Reached XP level 1. HP: 19/19 MP: 0/0
   102 | D:1      | Reached skill level 4 in Maces & Flails
   138 | D:1      | Reached XP level 2. HP: 19/27 MP: 1/1
   497 | D:1      | Reached XP level 3. HP: 25/33 MP: 2/2
   644 | D:1      | Reached ** piety under Trog
   903 | D:2      | Noticed Natasha
   915 | D:2      | Killed Natasha
   915 | D:2      | Reached XP level 4. HP: 19/41 MP: 3/3
   969 | D:2      | Found a shattered altar of Ashenzari.
  1033 | D:2      | Noticed Natasha
  1039 | D:2      | Killed Natasha
  1039 | D:2      | Reached skill level 5 in Maces & Flails
  1285 | D:2      | Noticed an ogre
  1288 | D:2      | Killed an ogre
  1288 | D:2      | Reached skill level 5 in Fighting
  1288 | D:2      | Reached XP level 5. HP: 37/48 MP: 4/4
  1325 | D:2      | Noticed Natasha
  1334 | D:2      | Killed Natasha
  1436 | D:2      | Found a burning altar of Makhleb.
  1436 | D:2      | Noticed a blizzard demon
  1780 | D:3      | Reached skill level 6 in Maces & Flails
  1789 | D:3      | Reached XP level 6. HP: 28/56 MP: 5/5
  1871 | D:3      | Reached *** piety under Trog
  2510 | D:4      | Noticed Duvessa
  2511 | D:4      | Noticed Dowan
  2520 | D:4      | Killed Duvessa
  2520 | D:4      | Reached skill level 7 in Maces & Flails
  2520 | D:4      | Reached XP level 7. HP: 63/63 MP: 4/6
  2522 | D:4      | Killed Dowan
  2685 | D:4      | Found Zadiacae's Magic Scroll Boutique.
  2693 | D:4      | Bought a scroll of enchant armour for 90 gold pieces
  2693 | D:4      | Bought a scroll of blinking for 90 gold pieces
  3002 | D:5      | Entered Level 5 of the Dungeon
  3108 | D:5      | Reached skill level 8 in Maces & Flails
  3154 | D:5      | Reached skill level 5 in Armour
  3210 | D:5      | Reached **** piety under Trog
  3210 | D:5      | Reached XP level 8. HP: 43/71 MP: 7/7
  3354 | D:5      | Found a shimmering altar of Xom.
  3564 | D:5      | Reached skill level 9 in Maces & Flails
  3808 | D:6      | Found a staircase to the Ecumenical Temple.
  3840 | D:6      | Reached skill level 10 in Maces & Flails
  3867 | D:6      | Reached XP level 9. HP: 70/80 MP: 8/8
  4212 | D:6      | Found an ornate altar of the Wu Jian Council.
  4315 | D:6      | Found a radiant altar of Vehumet.
  4732 | D:7      | Reached skill level 11 in Maces & Flails
  5139 | D:7      | Noticed a troll
  5148 | D:7      | Killed a troll
  5355 | D:7      | Reached ***** piety under Trog
  5355 | D:7      | Reached skill level 12 in Maces & Flails
  5494 | D:7      | Reached XP level 10. HP: 40/90 MP: 9/9
  5863 | D:8      | Found a stormy altar of Qazlal.
  6034 | D:8      | Found a sacrificial altar of Ru.
  6035 | D:8      | Found a glowing golden altar of the Shining One.
  6037 | D:8      | Found a shadowy altar of Dithmenos.
  6048 | D:8      | Found an ancient bone altar of Kikubaaqudgha.
  6050 | D:8      | Reached skill level 13 in Maces & Flails
  6182 | D:8      | Found a snail-covered altar of Cheibriados.
  6945 | D:9      | Killed from afar by an electric eel

Skill      XL: |  1  2  3  4  5  6  7  8  9 10 |
---------------+-------------------------------+-----
Maces & Flails | 4 5 6 7 8 10 12 13 | 13.3
Fighting       | 4 5 6 7 8 9 |  9.4
Armour         | 3 4 5 6 8 9 |  9.8
Dodging        | 3 |  3.1

Action                   |  1- 3 |  4- 6 |  7- 9 | 10-12 || total
-------------------------+-------+-------+-------+-------++-------
Melee: Mace              |    57 |    49 |       |       ||   106
       Headbutt          |     6 |    20 |    86 |    36 ||   148
       Scimitar          |       |    19 |       |       ||    19
       Flail             |       |    41 |   283 |   115 ||   439
Invok: Berserk           |       |     1 |     2 |       ||     3
  Use: Scroll            |       |     1 |       |       ||     1
  Eat: Chunk             |       |     5 |     8 |     4 ||    17
       Ration            |       |       |     1 |     1 ||     2
Armor: Animal skin       |     7 |     6 |       |       ||    13
       Plate armour      |       |    64 |   137 |    67 ||   268
Dodge: Dodged            |    45 |    44 |   110 |    41 ||   240
       Rpst.: Scimitar   |       |     2 |       |       ||     2
